 Dungeon Crawl Stone Soup version 0.27-a0-1071-ga85bd9520d (webtiles) character file.

Game seed: 13457306833010129121

545010 Anon1729 the Force of Nature (level 26, -5/192 HPs)
             Began as a Tengu Hunter on Apr 24, 2021.
             Was the Champion of Fedhas.
             Killed from afar by a tengu reaver (52 damage)
             ... with a bolt of lightning
             ... on level 5 of the Vaults.
             The game lasted 02:44:19 (92832 turns).

Anon1729 the Force of Nature (Tengu Hunter)        Turns: 92832, Time: 02:44:20

Health: -5/192     AC: 34    Str: 29    XL:     26   Next: 67%
Magic:  0/39       EV: 15    Int: 16    God:    Fedhas [******]
Gold:   4644       SH:  0    Dex: 16    Spells: 24/25 levels left

rFire    + + .     SeeInvis +   a - +9 longbow (flame)
rCold    + . .     Faith    .   (shield currently unavailable)
rNeg     + . .     Spirit   +   z - +13 plate armour "Mugikhluo" {rPois Str+6}
rPois    +         Reflect  .   v - +0 mask of the Dragon {Will+ Slay+3 SInv}
rElec    .         Harm     .   i - scarf {rC+ rF+}
rCorr    +         Rampage  .   Z - +3 pair of gloves of Pandemonium {rF+ Stlth+}
Will     +....                  (boots unavailable)
Stlth    +.........             t - amulet "Ijad" {Spirit rN+ Int+2}
HPRegen  0.42/turn              O - ring "Xoeschuo" {Fire rCorr Str+2}
MPRegen  0.26/turn              K - ring of Hospitality {Ice Will- Slay+5}

@: flying quickly and evasively, hasted, studying Crossbows, very quick
A: beak, talons 3, nimble flight, horns 1, robust 1
}: 2/15 runes: decaying, serpentine
a: Renounce Religion, Wall of Briars, Grow Ballistomycete, Overgrow, Grow Oklob


You were on level 5 of the Vaults.
You worshipped Fedhas.
Fedhas was exalted by your worship.
You visited 9 branches of the dungeon, and saw 45 of its levels.
You visited the Abyss 1 time.
You also visited: Ossuary, Bailey, Gauntlet and Volcano.

You collected 10820 gold pieces.
You spent 6176 gold pieces at shops.

Inventory:

Hand Weapons
 a - a +9 longbow of flaming (weapon)
 b - the +8 falchion of Bugeil {holy, +Blink +Rage Int+3}
   (You found it on level 5 of the Lair of Beasts)

   It has been blessed by the Shining One to cause great damage to the undead
   and demons.
   It affects your intelligence (+3).
   It lets you blink.
   It lets you go berserk.
Missiles
 d - 300 arrows (quivered ammo)
 o - a throwing net
 p - 14 curare-tipped darts
 F - 15 atropa-tipped darts
Armour
 i - a scarf of resistance (worn)
 v - the +0 mask of the Dragon (worn) {Will+ Slay+3 SInv}
   (You bought it in a shop on level 3 of the Dungeon)

   It affects your accuracy and damage with ranged weapons and melee attacks
   (+3).
   It lets you see invisible.
   It increases your willpower.
 z - the +13 plate armour "Mugikhluo" (worn) {rPois Str+6}
   (You bought it in a shop on level 1 of the Dungeon)

   It affects your strength (+6).
   It protects you from poison.
 Z - the +3 pair of gloves of Pandemonium (worn) {rF+ Stlth+}
   (You found it on level 1 of the Vaults)

   It protects you from fire.
   It makes you more stealthy.
Jewellery
 t - the amulet "Ijad" (around neck) {Spirit rN+ Int+2}
   (You found it on level 1 of the Snake Pit)

   [amulet of guardian spirit]

   It causes incoming damage to be divided between your reserves of health and
   magic.
   It affects your intelligence (+2).
   It protects you from negative energy.
 K - the ring of Hospitality (right hand) {Ice Will- Slay+5}
   (You found it on level 3 of the Elven Halls)

   [ring of ice]

   It enhances your ice magic.
   It affects your accuracy and damage with ranged weapons and melee attacks
   (+5).
   It makes you vulnerable to fire.
   It protects you from cold.
   It decreases your willpower.
 O - the ring "Xoeschuo" (left hand) {Fire rCorr Str+2}
   (You found it on level 3 of the Elven Halls)

   [ring of fire]

   It enhances your fire magic.
   It affects your strength (+2).
   It protects you from fire.
   It makes you vulnerable to cold.
   It protects you from acid and corrosion.
 Q - a +6 ring of strength
Wands
 y - a wand of polymorph (15)
 B - a wand of digging (41)
 H - a wand of flame (84)
 I - a wand of iceblast (71)
 L - a wand of mindburst (25)
 R - a wand of acid (44)
 V - a wand of paralysis (30)
Scrolls
 c - 4 scrolls of silence
 f - 10 scrolls of fog
 g - 22 scrolls of teleportation
 h - 5 scrolls of vulnerability
 j - 17 scrolls of amnesia
 l - 9 scrolls of immolation
 u - 12 scrolls of enchant armour
 x - 9 scrolls of magic mapping
 C - 7 scrolls of enchant weapon
 E - 5 scrolls of fear
 N - 4 scrolls of holy word
 T - a scroll of brand weapon
 Y - 3 scrolls of summoning
Potions
 e - 10 potions of curing
 k - 8 potions of attraction
 n - 10 potions of haste
 q - 3 potions of magic
 s - 7 potions of cancellation
 w - 3 potions of mutation
 A - 2 potions of resistance
 D - 3 potions of brilliance
 G - 7 potions of might
 J - 12 potions of lignification
 P - 3 potions of berserk rage
 U - 9 potions of invisibility
Miscellaneous
 M - a condenser vane
 W - a lightning rod (4/4)
 X - a box of beasts


   Skills:
 + Level 20.4 Fighting
 - Level 20.0 Bows
 - Level 16.0 Armour
 - Level 9.0 Dodging
 - Level 9.0 Stealth
 * Level 22.3 Invocations
 * Level 19.4 Evocations


You had 24 spell levels left.
You knew the following spells:

 Your Spells              Type           Power      Damage    Failure   Level
a - Corona                Hex            0%         N/A       80%         1

Your spell library contained the following spells:

 Spells                   Type           Power      Damage    Failure   Level
 Animate Skeleton         Necr           0%         N/A       80%         1
 Apportation              Tloc           0%         N/A       80%         1
 Beastly Appendage        Tmut           0%         N/A       80%         1
 Magic Dart               Conj           0%         1d3       80%         1
 Sting                    Tmut/Pois      0%         1d3       80%         1
 Summon Small Mammal      Summ           0%         N/A       80%         1
 Blink                    Tloc           N/A        N/A       90%         2
 Call Imp                 Summ           0%         N/A       90%         2
 Ensorcelled Hibernation  Hex/Ice        0%         N/A       90%         2
 Passwall                 Tmut/Erth      0%         N/A       90%         2
 Poisonous Vapours        Pois/Air       0%         N/A       90%         2
 Searing Ray              Conj           0%         3d3       90%         2
 Slow                     Hex            0%         N/A       90%         2
 Static Discharge         Conj/Air       0%         N/A       90%         2
 Wereblood                Tmut           0%         N/A       90%         2
 Call Canine Familiar     Summ           0%         N/A       99%         3
 Confusing Touch          Hex            0%         N/A       99%         3
 Dazzling Flash           Conj/Hex       0%         N/A       99%         3
 Gell's Gravitas          Tloc           0%         N/A       99%         3
 Ignite Poison            Fire/Tmut/Pois 0%         N/A       99%         3
 Inner Flame              Hex/Fire       0%         N/A       99%         3
 Lesser Beckoning         Tloc           0%         N/A       99%         3
 Mephitic Cloud           Conj/Pois/Air  0%         N/A       99%         3
 Portal Projectile        Hex/Tloc       0%         N/A       99%         3
 Spider Form              Tmut/Pois      0%         N/A       99%         3
 Summon Guardian Golem    Hex/Summ       0%         N/A       99%         3
 Swiftness                Air            0%         N/A       99%         3
 Teleport Other           Tloc           0%         N/A       99%         3
 Tukima's Dance           Hex            0%         N/A       99%         3
 Animate Armour           Summ/Erth      0%         N/A       100%        4
 Animate Dead             Necr           0%         N/A       100%        4
 Cause Fear               Hex            0%         N/A       100%        4
 Fulminant Prism          Conj/Hex       0%         3d6       100%        4
 Ice Form                 Ice/Tmut       0%         N/A       100%        4
 Iskenderun's Mystic Bla  Conj/Tloc      0%         2d3       100%        4
 Leda's Liquefaction      Hex/Erth       0%         N/A       100%        4
 Olgreb's Toxic Radiance  Pois           0%         N/A       100%        4
 Passage of Golubria      Tloc           N/A        N/A       100%        4
 Petrify                  Tmut/Erth      0%         N/A       100%        4
 Sticky Flame             Conj/Fire      0%         2d3       100%        4
 Summon Ice Beast         Ice/Summ       0%         N/A       100%        4
 Summon Lightning Spire   Summ/Air       0%         N/A       100%        4
 Bolt of Magma            Conj/Fire/Erth 0%         4d4       100%        5
 Borgnjor's Vile Clutch   Necr/Erth      0%         N/A       100%        5
 Fireball                 Conj/Fire      0%         3d3       100%        5
 Hydra Form               Tmut           0%         N/A       100%        5
 Iskenderun's Battlesphe  Conj           0%         2d6       100%        5
 Lee's Rapid Deconstruct  Erth           0%         3d5*      100%        5
 Manifold Assault         Tloc           0%         N/A       100%        5
 Silence                  Hex/Air        0%         N/A       100%        5
 Summon Forest            Summ/Tloc      0%         N/A       100%        5
 Summon Mana Viper        Hex/Summ       0%         N/A       100%        5
 Death Channel            Necr           0%         N/A       100%        6
 Freezing Cloud           Conj/Ice/Air   0%         6-21      100%        6
 Invisibility             Hex            0%         N/A       100%        6
 Iron Shot                Conj/Erth      0%         9d1       100%        6
 Shadow Creatures         Summ           N/A        N/A       100%        6
 Simulacrum               Ice/Necr       0%         N/A       100%        6
 Starburst                Conj/Fire      0%         8x6d3     100%        6
 Statue Form              Tmut/Erth      0%         N/A       100%        6
 Orb of Destruction       Conj           0%         N/A       100%        7
 Ozocubu's Refrigeration  Ice            0%         4d5       100%        7
 Spellforged Servitor     Conj/Summ      0%         N/A       100%        7
 Summon Hydra             Summ           0%         N/A       100%        7
 Disjunction              Tloc           0%         N/A       100%        8
 Ignition                 Fire           0%         3d3       100%        8
 Shatter                  Erth           0%         3d5*      100%        9


Dungeon Overview and Level Annotations

Branches:
Dungeon (15/15)            Temple (1/1) D:7            Lair (6/6) D:9
  Swamp (4/4) Lair:2        Snake (4/4) Lair:2        Slime (0/5) Lair:5
    Orc (2/2) D:12            Elf (3/3) Orc:2        Vaults (5/5) D:13
  Crypt (0/3) Vaults:2     Depths (5/5) D:15            Zot (0/5) Depths:5
Ossuary (visited)          Bailey (visited)         Volcano (visited)
Gauntlet (visited)

Altars:
Ashenzari
Cheibriados
Dithmenos
Elyvilon
Fedhas
Gozag
Hepliaklqana
Kikubaaqudgha
Makhleb
Nemelex Xobeh
Okawaru
Qazlal
Ru
Sif Muna
Trog
Uskayaw
Vehumet
Wu Jian
Xom
Yredelemnul
Zin
The Shining One

Shops:
D:1 [   D:3 =?[[**   D:10 ?[   D:15 *   Orc:2 ?([[   Elf:1 [*   Snake:3 [[[![
Snake:4 ![=(   Vaults:1 (!=(?   Vaults:4 !

Portals:
Hell: Depths:1 Depths:2 Depths:3 Depths:4 Depths:5
Abyss: Lair:2 Depths:2 Depths:4
Pandemonium: Depths:3
Ziggurat: Depths:1

Annotations:
Lair:2 2 transporters, bmj180's ghost, journeyman DrCj
Snake:2 1 runed translucent door, Megustar's ghost, adept DEFE
Snake:4 1 runed translucent door, Verendum's ghost, adept OpFi
Vaults:3 Sojobo


Innate Abilities, Weirdness & Mutations

You have a beak for a mouth.
You have claws for feet.
Your magical nature lets you fly swiftly and evasively.
You have a pair of small horns on your head.
You are robust. (+10% HP)


Message History

You kill the necromancer!
Fedhas appreciates your contribution to the ecosystem.
Fire: 303 arrows
Press: ? - help, Q - select action, (/) - cycle Shift-Dir - straight line, f/p - stone giant
Aim: a stone giant, quivering large rocks (almost dead, soul bound, ally target, 94% to hit)
You shoot an arrow. The arrow hits the stone giant!
The arrow burns the stone giant.
You kill the stone giant!
Fedhas appreciates your contribution to the ecosystem.
A freezing mist starts to gather...
You start resting.
A stone giant simulacrum comes into view.
Fire: 302 arrows
Press: ? - help, Q - select action, (/) - cycle Shift-Dir - straight line, f - stone giant simulacrum
Aim: a stone giant simulacrum (98% to hit)
You shoot an arrow.
The arrow hits the stone giant simulacrum!!!
The arrow melts the stone giant simulacrum!!
The stone giant simulacrum vapourises!
You start resting.
A tengu reaver comes into view. It is wielding a +2 vorpal great mace.
Fire: 301 arrows
Press: ? - help, Q - select action, (/) - cycle Shift-Dir - straight line, f - tengu reaver
Aim: a tengu reaver, wielding a +2 vorpal great mace and wearing a +0 scale mail (wandering, hasn't noticed you, 72% to hit)
Okay, then.
You reach down and open the door.
The tengu reaver shouts!
You hear a shout!
The tengu reaver gestures at you while chanting.
The bolt of poison hits you. You resist.
* * * LOW HITPOINT WARNING * * *
You hear a shout!
There is an open door, spattered with blood here.
Fire: 301 arrows
Press: ? - help, Q - select action, (/) - cycle Shift-Dir - straight line, f - tengu reaver
Aim: a tengu reaver, wielding a +2 vorpal great mace and wearing a +0 scale mail (ally target, 72% to hit)
You shoot an arrow. The arrow misses the tengu reaver.
The tengu reaver gestures at you while chanting.
The bolt of lightning hits you!!!
You die...
Fedhas appreciates your contribution to the ecosystem.

..# .' .. #+##'
#+##+# ###.Q(.
....##
.'...()##((...#
#()#..?.# .
#P(#)...#
+....+##@)...#
##.........)##
###########(...#
# ....# . ....#
. ...(# . ....#
. ....# # ....#


You could see a tengu reaver (ally target) and a friendly oklob plant
(summoned).

Vanquished Creatures
  2 ancient liches (Vaults:5)
  Mara (Depths:4)
  2 juggernauts
  Vashnia (Snake:2)
  Bai Suzhen (Snake:2)
  Saint Roka (Vaults:4)
  Xtahua (Vaults:5)
  4 caustic shrikes
  Jory (Vaults:5)
  2 golden dragons
  A bone dragon (Depths:1)
  Nikola (Swamp:1)
  3 tentacled monstrosities
  5 hellephants
  Rupert (D:15)
  2 liches
  A deep elf blademaster (Elf:3)
  4 titans
  A deep elf master archer (Elf:3)
  6 sphinxes
  Kirke (Lair:4)
  4 tentacled starspawn
  2 shadow dragons (Vaults:5)
  Agnes (D:15)
  2 storm dragons
  8 tengu reavers
  11 fire giants
  13 frost giants
  2 nagarajas (Snake:4)
  7 iron dragons
  Aizul (Elf:3)
  2 juggernaut zombies (Depths:1)
  A caustic shrike zombie (Depths:1)
  17 vault wardens
  2 orc warlords
  2 hydra zombies (Swamp:4)
  8 deep elf sorcerers
  A draconian scorcher (Depths:5)
  4 deep elf elementalists (Elf:3)
  2 balrugs
  Louise (Snake:1)
  A ghoul (Vaults:2)
  A caustic shrike skeleton (Depths:1)
  15 very ugly things
  22 ironbound preservers
  A war gargoyle (Vaults:5)
  17 stone giants
  A juggernaut skeleton (Depths:1)
  6 vampire knights
  5 dire elephants
  10 deep elf annihilators
  2 purple draconians (Depths:5)
  3 red draconians
  5 deep elf demonologists (Elf:3)
  3 spark wasps
  3 bunyips
  2 entropy weavers
  A minotaur (Gauntlet)
  6 eleionomae
  A merfolk impaler (Depths:5)
  2 crystal guardians (Vaults:4)
  6 salamander tyrants
  2 eidola
  8 deep elf death magi
  12 ettins
  Josephine (D:15)
  4 deep elf high priests (Elf:3)
  6 yaktaur captains
  2 jiangshi (Depths:3)
  13 great orbs of eyes
  A monstrous demonspawn (Depths:3)
  7 rakshasas
  13 fire dragons
  11 ice dragons
  10 vault guards
  2 peacekeepers (Vaults:4)
  9 ironbound thunderhulks
  11 hydras
  7 boulder beetles
  3 catoblepae (Lair:6)
  13 naga warriors
  7 anacondas
  2 spriggan air magi
  4 ironbound frosthearts
  13 centaur warriors
  2 ghost crabs
  14 two-headed ogres
  A death knight (D:15)
  Erica (D:9)
  6 ogre magi
  An anaconda (shapeshifter) (Elf:2)
  4 death yaks (Lair:6)
  12 deep troll earth magi
  6 alligators
  28 dancing weapons
  9 deep troll shamans
  9 tengu warriors
  8 hell hogs
  16 naga sharpshooters
  2 titan zombies (Depths:3)
  3 vampire magi
  20 thrashing horrors
  5 ironbound beastmasters
  Nergalle (Lair:1)
  15 spriggans
  2 titan skeletons (Depths:1)
  10 shock serpents
  6 spriggan berserkers
  A sun demon (Depths:2)
  11 iron trolls
  7 wretched stars
  5 skeletal warriors
  17 deep elf knights
  3 sixfirhies (Abyss:4)
  10 salamander mystics
  A shadow wraith (Abyss:3)
  2 flayed ghosts
  5 goliath frogs
  A spatial maelstrom (Abyss:3)
  A sea snake (Snake:1)
  4 spriggan druids
  3 glowing orange brains
  3 swamp dragons
  4 naga ritualists
  A swamp dragon (shapeshifter) (Depths:1)
  82 deep trolls
  3 spectral hydras (Swamp:4)
  15 ironbound convokers
  2 golden dragon zombies (Depths:1)
  12 wizards
  2 bog bodies
  5 orc knights
  3 lindwurms (Vaults:2)
  8 deep elf archers
  24 deep elf zephyrmancers
  An obsidian statue (Volcano)
  7 necromancers
  A tengu zombie (Vaults:2)
  A harpy (Vaults:3)
  20 deep elf pyromancers
  2 orc sorcerers
  Pikel (D:6)
  6 mana vipers
  A phantasmal warrior (Vaults:3)
  2 cyclopes (Orc:2)
  A shadow dragon skeleton (Depths:1)
  An orb spider (shapeshifter) (D:14)
  39 ugly things
  A tengu skeleton (Vaults:2)
  2 will-o-the-wisps
  A frost giant zombie (Depths:3)
  5 manticores
  3 sphinx skeletons
  7 large abominations
  A fire giant skeleton (Vaults:2)
  5 worldbinders
  47 salamanders
  An iron dragon skeleton (Depths:1)
  3 elephants (Lair:6)
  A guardian serpent (shapeshifter) (Elf:1)
  10 guardian serpents
  37 black mambas
  5 rust devils (Depths:3)
  Maurice (D:8)
  2 human skeletons (Vaults:2)
  An elephant (shapeshifter) (Depths:2)
  2 ice statues
  15 naga magi
  5 smoke demons
  9 vault sentinels
  An apocalypse crab (Abyss:3)
  3 efreet
  A dire elephant skeleton (Abyss:3)
  16 cane toads
  6 rime drakes
  A gargoyle (D:13)
  A demonic crawler (Abyss:4)
  3 kobold demonologists
  2 unseen horrors
  45 yaktaurs
  2 freezing wraiths
  4 tengu conjurers
  A spriggan skeleton (Depths:1)
  An ice devil (Depths:3)
  8 komodo dragons
  A hellwing (Depths:3)
  5 ancient zymes
  13 trolls
  A silent spectre (Abyss:3)
  2 death drake zombies (Swamp:4)
  3 polar bears
  A bloated husk (Swamp:2)
  4 hydra skeletons (Swamp:4)
  14 hornets
  8 tyrant leeches
  An ettin zombie (Vaults:2)
  8 blink frogs
  15 slime creatures
  11 raiju
  4 dream sheep (Lair:5)
  5 shadows
  5 redbacks
  A tarantella (Vaults:4)
  A centaur simulacrum (D:15)
  64 yaks
  4 air elementals
  3 wyverns
  9 wraiths
  5 ynoxinuls
  A redback (shapeshifter) (D:14)
  10 water elementals
  11 fire bats
  3 basilisks
  3 fire elementals (Elf:2)
  7 small abominations
  5 hogs (Lair:4)
  2 elf skeletons (Depths:1)
  A neqoxec (Abyss:4)
  2 steam dragons
  2 chaos spawn (Abyss:3)
  19 vampire mosquitoes
  3 wargs
  16 swamp worms
  5 spatial vortices (Abyss:3)
  41 nagas
  An acid dragon (D:10)
  A water moccasin (shapeshifter) (D:14)
  3 hydra simulacra (Swamp:4)
  13 water moccasins
  5 swamp drakes
  26 orc warriors
  An ettin simulacrum (Vaults:2)
  27 starcursed masses (Abyss:3)
  4 black bears
  8 ice beasts
  A sky beast (D:7)
  A swamp dragon zombie (Swamp:4)
  4 boggarts
  23 ogres
  16 wolves
  4 lemures
  10 centaurs
  5 elf zombies
  6 bullfrogs
  3 kobold brigands
  A gnoll sergeant (D:8)
  2 earth elementals
  A scorpion (D:5)
  2 human simulacra (Vaults:2)
  20 wights
  A water moccasin skeleton (D:4)
  6 electric eels
  2 howler monkeys
  A bullfrog zombie (D:6)
  6 lava snakes (Volcano)
  8 centaur zombies
  2 hounds
  3 gnoll shamans
  9 orc priests
  A bullfrog skeleton (D:6)
  A centaur skeleton (D:7)
  2 iron imps
  4 iguanas
  A scorpion zombie (D:5)
  26 orc wizards
  4 hell rats (Lair:1)
  A killer bee zombie (D:9)
  2 ogre zombies (Ossuary)
  7 mummies (Ossuary)
  4 howler monkey zombies
  15 gnolls
  3 river rats (Lair:1)
  15 adders
  A shadow imp (D:5)
  6 white imps
  4 ufetubi
  An adder zombie (Ossuary)
  An adder skeleton (D:3)
  A worm (D:6)
  3 dart slugs
  82 orcs
  8 endoplasms
  5 giant cockroaches
  4 goblins (D:13)
  10 hobgoblins
  8 jackals
  A quokka (D:4)
  8 ball pythons
  6 bats
  3 frilled lizards (D:1)
  9 goblin zombies (Ossuary)
  4 hobgoblin zombies (Ossuary)
  12 kobolds
  4 kobold zombies (Ossuary)
  An orc zombie (Ossuary)
  3 quokka zombies (Ossuary)
  10 rats
  2 rat zombies (Ossuary)
  2 ballistomycete spores (D:13)
  2 lurking horrors
  2 starspawn tentacles (Abyss:3)
1999 creatures vanquished.

Vanquished Creatures (collateral kills)
  A vault guard (Vaults:5)
  An ironbound frostheart (Vaults:2)
  A death drake (Abyss:3)
  A spatial maelstrom (Abyss:3)
  A hog (Lair:4)
  A chaos spawn (Abyss:3)
  22 ballistomycete spores
28 creatures vanquished.

Vanquished Creatures (others)
  A thorn hunter (Swamp:4)
  3 shambling mangroves
  2 hydras (Swamp:4)
  A hell hog (Depths:3)
  2 spriggan druids (Swamp:4)
  3 swamp dragons
  An oklob plant (Swamp:4)
  A hydra zombie (Swamp:4)
  4 hornets
  2 slime creatures (D:13)
  2 spriggans (Swamp:3)
  2 swamp drakes (Swamp:4)
  A small abomination (Abyss:3)
  A white imp (Abyss:3)
  A kobold (D:12)
  3 ballistomycete spores
  A briar patch (Swamp:4)
  8 foxfires
  28 fungi
  4 lurking horrors
  37 plants
  7 starspawn tentacles
  2 withered plants (Snake:2)
117 creatures vanquished.

Grand Total: 2144 creatures vanquished

Notes
Turn   | Place    | Note
-------+----------+-------------------------------------------
     0 | D:1      | Anon1729 the Tengu Hunter began the quest for the Orb.
     0 | D:1      | Reached XP level 1. HP: 12/12 MP: 2/2
   186 | D:1      | Reached XP level 2. HP: 16/17 MP: 3/3
   594 | D:1      | Found Toisair's Armour Shop.
   979 | D:2      | Reached XP level 3. HP: 7/21 MP: 4/4
  1576 | D:2      | Reached skill level 5 in Bows
  1622 | D:2      | Reached XP level 4. HP: 27/27 MP: 5/5
  2523 | D:2      | Gained mutation: Your magical nature lets you fly swiftly
                  | and evasively. [Tengu growth]
  2523 | D:2      | Reached XP level 5. HP: 10/32 MP: 6/6
  3041 | D:3      | Found Kesmoof's Armour Boutique.
  3443 | D:3      | Found Etteonta's Assorted Antiques.
  3472 | D:3      | Bought a scroll labelled KALIESOMUSCH for 26 gold pieces
  3472 | D:3      | Bought an amethyst potion for 23 gold pieces
  3514 | D:3      | Found Zin's Purification Station.
  3517 | D:3      | Found a glowing silver altar of Zin.
  3651 | D:3      | Found Koff's Antique Armour Emporium.
  3659 | D:3      | Found a faded altar of an unknown god.
  3680 | D:3      | Found Raneogra's Jewellery Emporium.
  3682 | D:3      | Found Daj Zibb's Magic Scroll Emporium.
  3853 | D:3      | Reached XP level 6. HP: 37/37 MP: 7/7
  3866 | D:3      | Bought a scroll of noise for 11 gold pieces
  3964 | D:3      | Found a burning altar of Makhleb.
  4474 | D:4      | Noticed Pikel
  7241 | D:5      | Entered Level 5 of the Dungeon
  7304 | D:5      | Reached XP level 7. HP: 35/42 MP: 8/8
  7488 | D:5      | Found an ornate altar of the Wu Jian Council.
  8584 | D:6      | Reached XP level 8. HP: 18/48 MP: 9/9
  8958 | D:6      | Reached skill level 5 in Dodging
  8958 | D:6      | Found a shadowy altar of Dithmenos.
  9120 | D:6      | Identified the +2 ring mail "Ipe His" {rC+}
  9462 | D:6      | Reached skill level 5 in Stealth
 10008 | D:6      | Killed Pikel
 10009 | D:6      | Reached skill level 5 in Fighting
 10009 | D:6      | Reached XP level 9. HP: 18/54 MP: 10/10
 11503 | D:7      | Reached skill level 10 in Bows
 11726 | D:7      | Found a staircase to the Ecumenical Temple.
 11861 | D:8      | Found an opulent altar of Gozag.
 11941 | D:8      | Noticed Maurice
 11985 | D:8      | Killed Maurice
 12167 | D:8      | Found a sand-covered staircase.
 12176 | Ossuary  | Entered an ossuary
 12357 | Ossuary  | Reached XP level 10. HP: 55/61 MP: 11/11
 13436 | Temple   | Entered the Ecumenical Temple
 13575 | Temple   | Became a worshipper of Fedhas Madash
 14529 | D:8      | You are sucked into a shaft and drop 3 floors!
 14530 | D:11     | Noticed a kobold demonologist
 14533 | D:11     | Noticed a kobold demonologist
 14533 | D:11     | Noticed a kobold demonologist
 14567 | D:12     | Killed a kobold demonologist
 14772 | D:12     | Noticed an orange demon
 14779 | D:12     | Found a staircase to the Orcish Mines.
 14786 | D:13     | Found a flagged portal.
 14988 | Bailey   | Entered a bailey
 15292 | Bailey   | Reached * piety under Fedhas
 15405 | Bailey   | Learned a level 1 spell: Corona
 15405 | Bailey   | Noticed an orc knight
 15445 | Bailey   | Identified the +0 rapier "Caxeaghe" {chaos, +Blink rF+
                  | Will+++ MP-9}
 15584 | Bailey   | Killed an orc knight
 16178 | Bailey   | HP: 1/63 [orc warrior/bolt (10)]
 16462 | Bailey   | Identified a scroll of acquirement
 16463 | Bailey   | Acquired 1302 gold pieces
 16929 | D:12     | Killed a kobold demonologist
 16930 | D:12     | Reached XP level 11. HP: 53/67 MP: 10/12
 18457 | D:10     | Entered Level 10 of the Dungeon
 18477 | D:10     | Reached ** piety under Fedhas
 18710 | D:10     | Found Ficime's Antique Armour Shoppe.
 18744 | D:9      | Found an iron altar of Okawaru.
 18943 | D:9      | Noticed Erica
 18947 | D:9      | Found a broken altar of Ashenzari.
 19011 | D:9      | Found a sacrificial altar of Ru.
 19045 | D:9      | Found a staircase to the Lair.
 20752 | D:3      | Bought the +0 mask of the Dragon {Will+ Slay+3 SInv} for
                  | 400 gold pieces
 20752 | D:3      | Found the +0 mask of the Dragon {Will+ Slay+3 SInv}
 20798 | D:1      | Bought the +13 plate armour "Mugikhluo" {rPois Str+6} for
                  | 1406 gold pieces
 21056 | Lair:1   | Entered Level 1 of the Lair of Beasts
 21381 | Lair:1   | Reached skill level 1 in Armour
 21383 | Lair:1   | Reached *** piety under Fedhas
 21717 | Lair:1   | Found a white marble altar of Elyvilon.
 21963 | Lair:1   | Identified the +0 glaive of War {protect, Dex+6}
 22805 | Lair:1   | HP: 2/69 [poisoned by a cane toad]
 23139 | Lair:1   | Reached skill level 1 in Invocations
 23529 | Lair:2   | Reached XP level 12. HP: 75/75 MP: 14/14
 23568 | Lair:2   | Reached skill level 2 in Invocations
 23750 | Lair:2   | Noticed Nergalle
 23919 | Lair:2   | Noticed Sonja
 23968 | Lair:2   | Noticed Sonja
 23968 | Lair:2   | Sonja changed into Sonja the hornet
 23977 | Lair:1   | Killed Sonja the hornet
 24031 | Lair:1   | Killed Nergalle
 24032 | Lair:1   | Reached skill level 5 in Armour
 24032 | Lair:1   | Reached skill level 3 in Invocations
 24543 | Lair:2   | Found a transporter.
 24545 | Lair:2   | Noticed a large abomination
 24546 | Lair:2   | Found a transporter.
 24548 | Lair:2   | Found a one-way gate to the infinite horrors of the Abyss.
 24548 | Lair:2   | Noticed a sun demon
 24548 | Lair:2   | Noticed bmj180's ghost (journeyman DrCj)
 24548 | Lair:2   | Noticed a cacodemon
 24759 | Lair:2   | Found a basalt altar of Yredelemnul.
 24925 | Lair:2   | Found a staircase to the Swamp.
 25036 | Lair:2   | Reached skill level 4 in Invocations
 25339 | Lair:2   | Found a staircase to the Snake Pit.
 25820 | Lair:2   | You are sucked into a shaft and drop 1 floor!
 25844 | Lair:3   | Found a dark tunnel.
 25853 | Volcano  | Entered a volcano
 25926 | Volcano  | Reached **** piety under Fedhas
 26022 | Volcano  | Noticed a red draconian
 26063 | Volcano  | Killed a red draconian
 26064 | Volcano  | Reached skill level 5 in Invocations
 26195 | Volcano  | Found a burning altar of Makhleb.
 26278 | Volcano  | Noticed a centaur warrior
 26292 | Volcano  | Killed a centaur warrior
 26619 | Volcano  | Gained mutation: You occasionally shout uncontrollably at
                  | your foes. [a neqoxec]
 26755 | Volcano  | Noticed a sun demon
 27335 | Lair:3   | Reached XP level 13. HP: 80/80 MP: 18/18
 27755 | Lair:3   | Reached skill level 6 in Invocations
 29045 | Lair:4   | Noticed Kirke
 29102 | Lair:4   | Killed Kirke
 29103 | Lair:4   | Reached skill level 10 in Fighting
 29375 | Lair:4   | Reached skill level 7 in Invocations
 30142 | Lair:5   | Found a staircase to the Slime Pits.
 30173 | Lair:5   | Found a gate leading to a gauntlet.
 30187 | Lair:5   | Identified the +8 falchion of Bugeil {holy, +Blink +Rage
                  | Int+3}
 30199 | Gauntlet | Entered a Gauntlet
 30199 | Gauntlet | Found a transporter.
 30199 | Gauntlet | Found a transporter.
 30220 | Gauntlet | Found a transporter.
 30238 | Gauntlet | Found a transporter.
 30238 | Gauntlet | Found a transporter.
 30238 | Gauntlet | Found a transporter.
 30241 | Gauntlet | Found a transporter.
 30241 | Gauntlet | Found a transporter.
 30243 | Gauntlet | Noticed a great orb of eyes
 30256 | Gauntlet | Found a transporter.
 30276 | Gauntlet | Found a runed translucent door.
 30277 | Gauntlet | Found a transporter.
 30278 | Gauntlet | Found a runed translucent door.
 30287 | Gauntlet | Found a transporter.
 30304 | Gauntlet | Found a transporter.
 30324 | Gauntlet | Noticed an entropy weaver
 30329 | Gauntlet | Found a transporter.
 30343 | Gauntlet | Found a transporter.
 30944 | Gauntlet | Identified the +7 falchion "Darph" {flame, *Noise rCorr
                  | Str+10}
 31009 | Gauntlet | Killed a great orb of eyes
 31203 | Gauntlet | Identified the +10 dagger "Gem Usal" {venom, +Rage rC+
                  | Will+}
 31203 | Gauntlet | Noticed a minotaur
 31224 | Gauntlet | Killed a minotaur
 31583 | Lair:5   | Reached ***** piety under Fedhas
 31584 | Lair:5   | Reached skill level 10 in Armour
 32150 | Lair:6   | Entered Level 6 of the Lair of Beasts
 32217 | Lair:6   | Reached skill level 8 in Invocations
 32255 | Lair:6   | Reached XP level 14. HP: 70/88 MP: 17/21
 33695 | Lair:6   | Reached skill level 9 in Invocations
 34976 | D:9      | Killed Erica
 35073 | D:10     | Found a stormy altar of Qazlal.
 35743 | D:10     | Identified the +8 mace "Usuog" {flame, Will+}
 36132 | D:10     | Found a hazy altar of Hepliaklqana.
 36134 | D:10     | Reached ****** piety under Fedhas
 36163 | D:10     | Found Ywidiph's Magic Scroll Boutique.
 36166 | D:10     | Bought a scroll of torment for 120 gold pieces
 36166 | D:10     | Bought a scroll of blinking for 120 gold pieces
 36166 | D:10     | Bought a scroll of summoning for 152 gold pieces
 36166 | D:10     | Bought a scroll of fog for 32 gold pieces
 36166 | D:10     | Bought a scroll of brand weapon for 320 gold pieces
 36166 | D:10     | Bought a scroll of teleportation for 48 gold pieces
 37665 | D:13     | Found a gate to the Vaults.
 37696 | D:13     | Reached skill level 15 in Bows
 37716 | D:13     | Reached XP level 15. HP: 67/95 MP: 19/23
 37721 | D:13     | Reached skill level 10 in Invocations
 39160 | D:14     | Found an iron altar of Okawaru.
 40193 | D:15     | Entered Level 15 of the Dungeon
 41324 | D:15     | Noticed Rupert
 41333 | D:15     | Killed Rupert
 41355 | D:15     | Noticed Agnes
 41713 | D:15     | Killed Agnes
 41714 | D:15     | Reached skill level 11 in Invocations
 42027 | D:15     | Acquired 510 gold pieces
 42314 | D:15     | Noticed Josephine
 42890 | D:15     | Found Vaurogea's Assorted Antiques.
 42906 | D:15     | Reached XP level 16. HP: 86/103 MP: 20/25
 43026 | D:15     | Killed Josephine
 43087 | D:15     | Found a staircase to the Depths.
 43264 | Orc:1    | Entered Level 1 of the Orcish Mines
 44092 | Orc:2    | Entered Level 2 of the Orcish Mines
 44092 | Orc:2    | Found Xaos's Antique Armour Boutique.
 46191 | Orc:2    | Found Imufe's Antique Armour Emporium.
 46206 | Orc:2    | Found Patuic's Weapon Shop.
 46208 | Orc:2    | Found Nuow's Magic Scroll Shop.
 46208 | Orc:2    | Found a staircase to the Elven Halls.
 46237 | Orc:2    | Bought a scroll of fog for 28 gold pieces
 46237 | Orc:2    | Bought a scroll of blinking for 105 gold pieces
 46237 | Orc:2    | Bought a scroll of fog for 28 gold pieces
 46237 | Orc:2    | Bought a scroll of teleportation for 42 gold pieces
 46237 | Orc:2    | Bought a scroll of enchant armour for 105 gold pieces
 46237 | Orc:2    | Bought a scroll of immolation for 49 gold pieces
 46636 | Elf:1    | Entered Level 1 of the Elven Halls
 46821 | Swamp:1  | Entered Level 1 of the Swamp
 47234 | Swamp:1  | Noticed Nikola
 47243 | Swamp:1  | Killed Nikola
 47247 | Swamp:1  | Reached skill level 12 in Invocations
 48152 | Swamp:2  | Found a glowing golden altar of the Shining One.
 48984 | Swamp:1  | You are sucked into a shaft and drop 1 floor!
 49688 | Swamp:3  | Reached XP level 17. HP: 105/105 MP: 27/27
 51042 | Swamp:4  | Entered Level 4 of the Swamp
 51186 | Swamp:4  | Reached skill level 15 in Armour
 51970 | Swamp:4  | Found a basalt altar of Yredelemnul.
 51995 | Swamp:4  | Found a blossoming altar of Fedhas.
 52014 | Swamp:4  | Got a decaying rune of Zot
 52429 | Snake:1  | Entered Level 1 of the Snake Pit
 52699 | Snake:1  | Reached skill level 13 in Invocations
 53211 | Snake:1  | Noticed Louise
 53733 | Snake:1  | Killed Louise
 54016 | Snake:1  | Found a transporter.
 54743 | Snake:1  | Reached skill level 15 in Fighting
 55074 | Snake:1  | Found a transporter.
 55652 | Snake:2  | Reached XP level 18. HP: 109/119 MP: 27/29
 55870 | Snake:2  | Identified the +11 glaive "Dinkif" {vorpal, rPois}
 56841 | Snake:2  | Found a runed translucent door.
 56841 | Snake:2  | Noticed Megustar's ghost (adept DEFE)
 57144 | Snake:3  | Noticed Bai Suzhen
 57163 | Snake:2  | Killed Bai Suzhen
 57641 | Snake:1  | Identified the +5 scale mail of Daffodils {rF+ rN+++ Will-
                  | Str+4}
 57648 | Snake:1  | Identified the ring "Tiudoa" {Fly Str+2 Dex+2}
 57657 | Snake:1  | Identified the amulet "Ijad" {Spirit rN+ Int+2}
 57672 | Snake:1  | Identified the Collected Works on Earthen Weightlessness
 57773 | Snake:3  | Found Solaym's Distillery.
 57784 | Snake:3  | Bought a potion of haste for 180 gold pieces
 57784 | Snake:3  | Bought a potion of curing for 54 gold pieces
 57784 | Snake:3  | Bought 2 potions of heal wounds for 180 gold pieces
 57784 | Snake:3  | Bought a potion of curing for 54 gold pieces
 57784 | Snake:3  | Bought a potion of heal wounds for 90 gold pieces
 57803 | Snake:3  | Found Leirph's Armour Shoppe.
 58454 | Snake:3  | Found Yczefris's Armour Shoppe.
 58500 | Snake:3  | Found Zomiguh's Antique Armour Emporium.
 58764 | Snake:3  | Reached skill level 14 in Invocations
 58771 | Snake:3  | Noticed Vashnia
 58788 | Snake:3  | HP: 1/119 [shock serpent/bolt of electricity (9)]
 59227 | Snake:3  | Found a shimmering altar of Xom.
 60326 | Snake:2  | Killed Vashnia
 60835 | Snake:3  | Found Tobeso's Antique Armour Emporium.
 60921 | Snake:4  | Entered Level 4 of the Snake Pit
 61770 | Snake:4  | Found Sibuymp's Antique Armour Emporium.
 61772 | Snake:4  | Found Boypsub's Jewellery Shoppe.
 61774 | Snake:4  | Found Jasuc's Weapon Emporium.
 61824 | Snake:4  | Found Soogg's Distillery.
 61860 | Snake:4  | Bought 2 potions of curing for 84 gold pieces
 61873 | Snake:4  | Found a runed translucent door.
 61873 | Snake:4  | Found a shimmering altar of Xom.
 61873 | Snake:4  | Noticed Verendum's ghost (adept OpFi)
 63332 | Snake:3  | Reached XP level 19. HP: 125/125 MP: 31/31
 63697 | Snake:4  | HP: 1/125 [nagaraja/poison arrow (9)]
 64317 | Snake:4  | Got a serpentine rune of Zot
 64359 | Snake:4  | Reached skill level 15 in Invocations
 64769 | Vaults:1 | Entered Level 1 of the Vaults
 64927 | Vaults:1 | Found Pocify's Magic Scroll Shop.
 64938 | Vaults:1 | Bought a scroll of blinking for 150 gold pieces
 64938 | Vaults:1 | Bought a scroll of teleportation for 60 gold pieces
 64973 | Vaults:1 | Found Suqiopt's Antique Weapon Shoppe.
 65786 | Vaults:1 | Found a radiant altar of Vehumet.
 65790 | Vaults:1 | Found a transporter.
 65881 | Vaults:1 | Found Soyfropn's Antique Weapon Shoppe.
 65928 | Vaults:1 | Reached skill level 1 in Evocations
 66997 | Vaults:1 | Found Ymuch's Distillery.
 66997 | Vaults:1 | Found Rizon's Jewellery Emporium.
 67003 | Vaults:1 | Bought a potion of curing for 54 gold pieces
 67003 | Vaults:1 | Bought a potion of curing for 54 gold pieces
 67003 | Vaults:1 | Bought a potion of curing for 54 gold pieces
 67003 | Vaults:1 | Bought a potion of heal wounds for 90 gold pieces
 67003 | Vaults:1 | Bought a potion of haste for 180 gold pieces
 67003 | Vaults:1 | Bought a potion of ambrosia for 144 gold pieces
 67003 | Vaults:1 | Bought a potion of resistance for 180 gold pieces
 67003 | Vaults:1 | Bought a potion of cancellation for 144 gold pieces
 67003 | Vaults:1 | Bought 2 potions of mutation for 288 gold pieces
 67003 | Vaults:1 | Bought a potion of invisibility for 144 gold pieces
 67003 | Vaults:1 | Lost mutation: You occasionally shout uncontrollably at
                  | your foes. [potion of mutation]
 67003 | Vaults:1 | Gained mutation: You are frail. (-10% HP) [potion of
                  | mutation]
 67003 | Vaults:1 | Gained mutation: You have a pair of small horns on your
                  | head. [potion of mutation]
 67003 | Vaults:1 | Gained mutation: Armour fits poorly on your strangely
                  | shaped body. [potion of mutation]
 67003 | Vaults:1 | Lost mutation: You are frail. (-10% HP) [potion of
                  | mutation]
 67004 | Vaults:1 | Lost mutation: Armour fits poorly on your strangely shaped
                  | body. [potion of mutation]
 67004 | Vaults:1 | Gained mutation: You are clumsy. (Dex -2) [potion of
                  | mutation]
 67004 | Vaults:1 | Lost mutation: You are clumsy. (Dex -2) [potion of
                  | mutation]
 67004 | Vaults:1 | Gained mutation: You are robust. (+10% HP) [potion of
                  | mutation]
 67398 | Vaults:1 | Found a transporter.
 67417 | Vaults:1 | Identified the Disquisition on Unstable Clay
 67419 | Vaults:1 | Identified the +3 pair of gloves of Pandemonium {rF+
                  | Stlth+}
 67421 | Vaults:1 | Identified the Compendium of Glacial Beguiling
 67468 | Vaults:1 | Identified Xairos's Guide on Stones
 68200 | Vaults:2 | Reached XP level 20. HP: 145/145 MP: 32/32
 68265 | Vaults:2 | Found a staircase to the Crypt.
 68587 | Vaults:2 | Reached skill level 5 in Evocations
 69050 | Vaults:2 | Reached skill level 16 in Invocations
 70926 | Vaults:3 | Reached XP level 21. HP: 137/151 MP: 30/34
 71257 | Vaults:3 | Noticed Sojobo
 71273 | Vaults:3 | You are sucked into a shaft and drop 1 floor!
 71414 | Vaults:4 | Found Erauxil's Distillery.
 71583 | Vaults:4 | Bought a potion of haste for 140 gold pieces
 71583 | Vaults:4 | Bought a potion of curing for 42 gold pieces
 71583 | Vaults:4 | Bought a potion of haste for 140 gold pieces
 71583 | Vaults:4 | Bought 2 potions of curing for 84 gold pieces
 71583 | Vaults:4 | Bought a potion of heal wounds for 70 gold pieces
 71583 | Vaults:4 | Bought 2 potions of invisibility for 224 gold pieces
 71696 | Vaults:4 | Reached skill level 17 in Invocations
 71999 | Vaults:4 | Noticed Saint Roka
 72014 | Vaults:4 | Killed Saint Roka
 72015 | Vaults:4 | Reached skill level 10 in Evocations
 74608 | Orc:2    | Reached XP level 22. HP: 156/159 MP: 35/35
 75254 | Elf:1    | Found a portal to a secret trove of treasure.
 75416 | Elf:1    | Found Tarchauh's Assorted Antiques.
 75416 | Elf:1    | Found Zusuwnif's Antique Armour Shop.
 75519 | Elf:1    | Bought a scroll of enchant armour for 277 gold pieces
 76078 | Elf:2    | Reached skill level 18 in Invocations
 76263 | Elf:2    | Found a huge runed translucent gate.
 76263 | Elf:2    | Found a huge runed translucent gate.
 76264 | Elf:2    | Found a huge runed translucent gate.
 76265 | Elf:2    | Found a huge runed translucent gate.
 76270 | Elf:2    | Found a huge runed translucent gate.
 77569 | Elf:3    | Entered Level 3 of the Elven Halls
 79040 | Elf:3    | Noticed Aizul
 79047 | Elf:3    | Killed Aizul
 79412 | Elf:3    | Identified the ring of Uptuykore {Wiz rF++}
 79414 | Elf:3    | Identified the +0 short sword of Watchfulness {flame,
                  | *Noise Str+2 Dex+2}
 79414 | Elf:3    | Identified the ring of Syutt {rElec rF+ Int+4}
 79416 | Elf:3    | Reached XP level 23. HP: 167/167 MP: 37/37
 79534 | Elf:3    | Identified the +6 plate armour of Uskayaw {Fly rElec}
 79608 | Elf:3    | Found the +1 cloak of Starlight {*Dazzle EV+4 Stlth--}
 79618 | Elf:3    | Identified the ring "Xoeschuo" {Fire rCorr Str+2}
 79641 | Elf:3    | Identified the ring of Hospitality {Ice Will- Slay+5}
 80113 | Depths:1 | Entered Level 1 of the Depths
 80113 | Depths:1 | Found a gateway to Hell.
 80401 | Depths:1 | Noticed a golden dragon
 80412 | Depths:1 | Killed a golden dragon
 80423 | Depths:1 | Reached skill level 19 in Invocations
 80948 | Depths:1 | Noticed a caustic shrike
 80960 | D:15     | Killed a caustic shrike
 81975 | Depths:1 | Identified the +0 ring mail of Anarchy {rN+}
 82642 | Depths:1 | Found the +9 sword of Zonguldrok {reap}
 82935 | Depths:1 | Found a gateway to a ziggurat.
 83349 | Depths:2 | Reached skill level 15 in Evocations
 83647 | Depths:2 | Reached XP level 24. HP: 174/174 MP: 37/37
 83758 | Depths:2 | Noticed a juggernaut
 84372 | Depths:3 | Reached skill level 20 in Invocations
 85173 | Depths:2 | Killed a juggernaut
 85473 | Depths:2 | Found the +3 giant club "Skullcrusher" {speed, Str+7}
 85474 | Depths:2 | Identified the +4 trident "Juklij" {freeze, rF+}
 85475 | Depths:2 | Identified the Incunabulum of Flames
 85887 | Depths:3 | Identified the ring "Lyliv" {Fly Will+ Slay+5}
 86364 | Depths:3 | Found a one-way gate leading to the halls of Pandemonium.
 86888 | Depths:3 | Reached XP level 25. HP: 103/182 MP: 25/38
 87852 | Depths:4 | You are sucked into a shaft and drop 1 floor!
 87852 | Depths:5 | Entered Level 5 of the Depths
 87852 | Depths:5 | Found a shadowy altar of Dithmenos.
 87910 | Depths:5 | Reached skill level 21 in Invocations
 88436 | Depths:5 | Noticed a juggernaut
 88445 | Depths:5 | Killed a juggernaut
 88689 | Depths:5 | Found a gate to the Realm of Zot.
 89422 | Depths:4 | Noticed Mara
 89434 | Depths:4 | Noticed Anon1729's illusion
 89703 | Depths:4 | Killed Mara
 90671 | Vaults:5 | Entered Level 5 of the Vaults
 90738 | Vaults:5 | Noticed an ancient lich
 90847 | Vaults:5 | Killed an ancient lich
 90855 | Vaults:5 | Noticed Jory
 90864 | Vaults:5 | Killed Jory
 90868 | Vaults:5 | Cast into level 3 of the Abyss (a deep elf demonologist)
 91001 | Abyss:3  | Reached XP level 26. HP: 162/191 MP: 38/38
 91680 | Abyss:3  | Found a corrupted altar of Lugonu.
 91901 | Abyss:4  | Found a corrupted altar of Lugonu.
 91926 | Abyss:4  | Reached skill level 22 in Invocations
 92580 | Vaults:5 | Escaped the Abyss
 92690 | Vaults:5 | Noticed Xtahua
 92698 | Vaults:5 | Killed Xtahua
 92779 | Vaults:5 | Noticed an ancient lich
 92798 | Vaults:5 | Killed an ancient lich
 92832 | Vaults:5 | Killed from afar by a tengu reaver

Illustrated notes

Levels and vault maps discovered:
D:1:      saegor_arrival_simple_e, layout_loops_ring, serial_shops, shop
D:2:      layout_loops_ring, serial_glass, glass_columns_c, glass_columns_a,
          minmay_strange_pillars, minmay_strange_pillars, minmay_snake_closets
D:3:      layout_basic, lightli_temple_of_fire, zin_purify, serial_shops, shop,
          shop, nicolae_shop_crystal, shop, shop,
          chequers_ecumenical_altar_simple_redux,
          corexii_item_surrounded_by_moat, minmay_quantized
D:4:      layout_layer_cave, hangedman_abyss_or_decor_jellyfish_corner,
          uniq_pikel
D:5:      layout_gridville, kennysheep_mini
D:6:      layout_basic, nicolae_overflow_crystal_walls,
          cheibrodos_sewer_entry_bend
D:7:      layout_rooms, minmay_temple_entry_from_below_a
D:8:      layout_loops_ring, nicolae_gozag_seed_capital, enter_ossuary_1,
          uniq_maurice
D:9:      layout_basic, lemuel_doored_altar, cheibrodos_ashenzari_chains,
          nicolae_ru_the_path_less_chosen, uniq_erica
D:10:     kennysheep_windowed_halls, layout_rooms,
          nicolae_qazlal_scattered_showers, lemuel_tele_altar, serial_shops,
          kennysheep_mini_moat, shop
D:11:     layout_cave_pools
D:12:     layout_loops_ring, david_orc_3
D:13:     layout_irregular_city, lightli_vaults_fourway_checkpoint,
          enter_bailey_5
D:14:     layout_basic, okawaru_ov_weapons_minmay
D:15:     grunt_enter_depths_hoard, layout_basic, nrook_pool_corridor,
          serial_shops, shop, ice2_lemuel, uniq_agnes, uniq_josephine,
          uniq_rupert
Temple:   minmay_temple_bridge_abc
Lair:1:   layout_gridlike, basic_altar, kennysheep_abandoned_house
Lair:2:   layout_cave_pods, nicolae_swamp_entry_splash_gauntlet,
          minmay_snake_entry_guardpost_small, basic_altar,
          gammafunk_ghost_abyssal_escape, minmay_lair_oklob_chamber,
          grunt_megastairs_5, uniq_nergalle, uniq_sonja
Lair:3:   layout_layer_cave, nicolae_volcano_entry_two_sided,
          nicolae_quartered_pool_medium, guppyfry_lair_drakes,
          infiniplex_staircase_pool_2, serial_bayou_shore_b, grunt_megastairs_2
Lair:4:   layout_cave_pods, lemuel_fruit_tree, uniq_kirke
Lair:5:   layout_loops_ring, minmay_slime_entry_oklob_open,
          gauntlet_entry_generic, dpeg_oklob_1, grunt_megastairs_3,
          lemuel_fruit_fields, infiniplex_staircase_pool
Lair:6:   evilmike_catoblepas_cave, layout_layer_cave
Swamp:1:  layout_basic_swamp, hangedman_swamp_cone, uniq_nikola
Swamp:2:  layout_basic_swamp, lemuel_altar_in_water, swamp_pool1
Swamp:3:  layout_falls_marsh, serial_swamp_ruin, evilmike_swamp_ruin_rubble_2,
          evilmike_swamp_ruin_house_3
Swamp:4:  byrel_swamp_growth_death_and_undeath, layout_basic_swamp
Snake:1:  gammafunk_its_a_trap, layout_chambers, serial_bayou_shore_b,
          serial_bayou_shore_b, grunt_megastairs_4, uniq_louise
Snake:2:  layout_onion, gammafunk_ghost_grave, nicolae_snake_linked_coils
Snake:3:  layout_gridlike, serial_shops, nicolae_shop_crystal, shop,
          shop_fountains, shop, shop, basic_altar, st_stairs_2, uniq_vashnia,
          uniq_bai_suzhen
Snake:4:  grunt_snake_rune_pools, layout_grid_shapes, ebering_ghost_xom,
          serial_shops, shop, grunt_megastairs_1, minmay_shop_star
Orc:1:    layout_diamond_mine, nicolae_orc_damp_corner
Orc:2:    st_orc_open, layout_caves, abandoned_shop
Elf:1:    minmay_elf_arrival_circle, layout_loops_corners,
          nicolae_trove_entry_free_sample, minivault_28, minmay_shoptagon
Elf:2:    layout_gridlike
Elf:3:    minmay_elf_hall_quartered_circle, layout_onion_city, uniq_aizul
Vaults:1: gammafunk_sealed_library, hangedman_vaults_slice, vaults_mumra_lcd,
          hangedman_vaults_locks, v_pattern_4, v_misc_12, vaults_dpeg_diagonal,
          nicolae_vaults_little_squares_3, v_misc_2, layout_vaults_omnibox,
          serial_shops, shop, shop, nicolae_shop_crystal,
          nicolae_shop_waterfront, shop
Vaults:2: ontoclasm_vaults_chip, nicolae_vaults_rhombus_7,
          minmay_crypt_entry_simple_box, v_pattern_3,
          hangedman_vaults_restitches, nicolae_vaults_twisting_passages,
          vaults_room_glass_cross, v_alt_pattern_3, hangedman_vaults_unwind,
          nicolae_vaults_big_ls, vaults_room_door_ring, ontoclasm_vaults_fault,
          layout_vaults_maze_snakey
Vaults:3: dpeg_vaults_monster_box, nicolae_vaults_network_quinsquares
          [nicolae_vaults_network_quincunx_subvault,
          nicolae_vaults_network_quincunx_subvault,
          nicolae_vaults_network_quincunx_subvault,
          nicolae_vaults_network_quincunx_subvault],
          nicolae_vaults_little_squares_5, ontoclasm_vaults_chip,
          grunt_vaults_focal, hangedman_vaults_stitches,
          nicolae_vaults_rhombus_7, nicolae_vaults_network_star, v_misc_16,
          dpeg_vaults_monster_row, v_misc_16, ontoclasm_vaults_shout,
          ontoclasm_vaults_idyll, grunt_vaults_hallway_short,
          layout_vaults_ring, uniq_sojobo
Vaults:4: hangedman_vaults_stretched_pinwheel, ontoclasm_vaults_claustrophobia,
          grunt_vaults_hallway_short, vaults_mumra_hex,
          nicolae_vaults_border_crossing, v_misc_14, hangedman_vaults_corner,
          ontoclasm_vaults_twist, nicolae_vaults_bisected_slash, v_misc_22,
          v_misc_11, layout_vaults_omnicross, serial_shops, nicolae_shop_stone,
          uniq_saint_roka
Vaults:5: serial_shops, uniq_jory, uniq_xtahua
Depths:1: minmay_central_circle, layout_long_grid, enter_ziggurat_b, hell_entry,
          minmay_guarded_unrand_zonguldrok
Depths:2: minmay_the_grid_octo_triangle [minmay_the_grid_octo_chip,
          minmay_the_grid_octo_prize_star, minmay_the_grid_octo_focus],
          layout_cave_pools, infiniplex_staircase_hallway_doors, hellmouth_1,
          abyss_entry, nrook_uturn
Depths:3: hourglass_vault, layout_gridville, grunt_hell_horde,
          rand_demon_pan_entry_8, minmay_misc_feat_ornament, minmay_metal_thing
Depths:4: minmay_connected_triangles_in_corner, layout_cave_shapes,
          minivault_14, hangedman_abyss_entry_splay, hell_entry,
          infiniplex_staircase_zigzag_3, uniq_mara
Depths:5: evilmike_zot_entry_basic, layout_cave_pools, grunt_decor_mini_mirrors,
          pf_coc_iceberg, grunt_dithmenos_smoke, serial_bayou_shore_b

Skill      XL: |  1  2  3  4  5  6  7  8  9 10 11 12 13 14 15 16 17 18 19 20 21 22 23 24 25 26 |
---------------+-------------------------------------------------------------------------------+-----
Bows           | 5 6 7 9 10 12 13 14 15 16 18 19 20 | 20.0
Stealth        | 2 3 4 5 6 8 9 |  9.0
Dodging        | 3 4 5 7 8 9 |  9.0
Fighting       | 3 4 5 6 7 8 9 10 11 12 14 15 16 17 18 19 20 | 20.4
Armour         | 4 7 10 12 13 14 15 16 | 16.0
Invocations    | 1 5 8 9 11 12 13 14 15 16 17 18 19 20 21 22 | 22.3
Evocations     | 4 7 11 13 15 16 18 19 | 19.4

Action                   |  1- 3 |  4- 6 |  7- 9 | 10-12 | 13-15 | 16-18 | 19-21 | 22-24 | 25-27 || total
-------------------------+-------+-------+-------+-------+-------+-------+-------+-------+-------++-------
Melee: Short sword       |    75 |   188 |   139 |   773 |       |       |       |       |       ||  1175
       Kick              |    11 |    45 |    46 |   280 |    60 |       |       |       |       ||   442
       Peck              |    10 |    26 |    25 |   182 |    36 |       |       |       |       ||   279
       Falchion          |       |       |       |       |    88 |       |       |       |       ||    88
 Fire: Shortbow          |       |    88 |   376 |   414 |   882 |       |       |       |       ||  1760
       Longbow           |       |       |       |       |   409 |  1606 |  1230 |  1427 |   866 ||  5538
Throw: Throwing net      |       |       |       |     4 |       |       |       |       |       ||     4
       Dart              |       |       |       |     1 |       |       |       |       |       ||     1
Invok: Wall of Briars    |       |       |       |     2 |     3 |     4 |     1 |     7 |     3 ||    20
       Grow Ballistomyce |       |       |       |     3 |     1 |     1 |       |     1 |     1 ||     7
       Grow Oklob        |       |       |       |       |       |       |     1 |     1 |     3 ||     5
Evoke: Wand              |       |       |       |    39 |     6 |     2 |     3 |       |       ||    50
       Box of beasts     |       |       |       |       |     1 |       |       |       |       ||     1
       Condenser vane    |       |       |       |       |       |     1 |     2 |       |     1 ||     4
  Use: Potion            |       |     4 |     3 |     9 |     3 |     7 |    16 |     2 |    28 ||    72
       Scroll            |       |     7 |       |    16 |     6 |    13 |     2 |     4 |     6 ||    54
 Stab: Sleeping          |    10 |     9 |     3 |     6 |       |       |       |       |       ||    28
       Held in net/web   |       |       |       |     1 |       |       |       |       |       ||     1
       Petrified         |       |       |       |       |     2 |       |       |       |       ||     2
       Petrifying        |       |       |       |       |     1 |       |       |       |       ||     1
Armor: Leather armour    |    15 |    33 |     1 |       |       |       |       |       |       ||    49
       Skin              |       |     3 |       |    60 |       |       |       |       |       ||    63
       Scale mail        |       |       |    91 |   148 |       |       |       |       |       ||   239
       Plate armour      |       |       |       |   374 |   399 |   537 |   258 |   247 |   296 ||  2111
Dodge: Dodged            |    46 |   160 |   181 |   729 |   358 |   623 |   289 |   211 |   291 ||  2888
       Rpst.: Falchion   |       |       |       |       |    25 |       |       |       |       ||    25

Table legend: (Time is in decaauts)
 A = Elapsed time spent in this place.
 B = Non-inter-level travel time spent in this place.
 C = Inter-level travel time spent in this place.
 D = Time resting spent in this place.
 E = Time spent auto-exploring this place.
 F = Levels seen in this place.
 G = Mean time per level.
                   A        B        C        D        E       F      G
               +--------+--------+--------+--------+--------+-----+--------+
         Total |  87575 |  83267 |   4308 |  21287 |  47344 |  51 | 1717.2 |
       Dungeon |  27246 |  25495 |   1751 |   7699 |  13640 |  15 | 1816.4 |
        Temple |    273 |    273 |      0 |     81 |     96 |   1 |  273.0 |
          Lair |  10936 |  10266 |    670 |   1189 |   7547 |   6 | 1822.7 |
         Swamp |   5262 |   5047 |    215 |    756 |   3505 |   4 | 1315.5 |
     Snake Pit |  11608 |  11178 |    430 |   4302 |   5239 |   4 | 2902.0 |
  Orcish Mines |   3777 |   3555 |    222 |   1294 |   1669 |   2 | 1888.5 |
   Elven Halls |   4880 |   4636 |    244 |    860 |   2909 |   3 | 1626.7 |
        Vaults |   9299 |   8806 |    493 |   1376 |   5913 |   5 | 1859.8 |
        Depths |   8286 |   8006 |    280 |    768 |   5815 |   5 | 1657.2 |
         Abyss |   1564 |   1564 |      0 |    601 |    260 |   2 |  782.0 |
       Ossuary |    837 |    837 |      0 |    164 |    420 |   1 |  837.0 |
        Bailey |   1505 |   1505 |      0 |   1000 |    203 |   1 | 1505.0 |
       Volcano |    924 |    924 |      0 |    425 |     31 |   1 |  924.0 |
      Gauntlet |   1172 |   1172 |      0 |    768 |     92 |   1 | 1172.0 |
               +--------+--------+--------+--------+--------+-----+--------+

Top non-repeatable levels by time:
 Snake:1: 3252 daAuts
Vaults:1: 3088 daAuts
    D:14: 2933 daAuts
 Snake:2: 2915 daAuts
    D:15: 2912 daAuts
 Snake:3: 2853 daAuts
   Orc:1: 2755 daAuts
     D:4: 2745 daAuts
  Lair:1: 2662 daAuts
Vaults:4: 2622 daAuts
Vaults:2: 2618 daAuts
 Snake:4: 2587 daAuts
Depths:3: 2448 daAuts
    D:12: 2325 daAuts
  Lair:6: 2298 daAuts
